 Dungeon Crawl Stone Soup version 0.29.0 (webtiles) character file.

Game seed: 5404466397559444824

1784 PublicAnimeNo1 the Covert (level 9, -1/72 HPs)
             Began as a Kobold Enchanter on Sept 9, 2022.
             Was an Initiate of Kikubaaqudgha.
             Slain by an unseen horror (9 damage)
             ... on level 7 of the Dungeon.
             The game lasted 00:10:25 (7423 turns).

PublicAnimeNo1 the Covert (Kobold Enchanter)        Turns: 7423, Time: 00:10:26

Health: -1/72      AC:  4    Str:  5    XL:     9   Next: 29%
Magic:  11/13      EV: 15    Int: 21    God:    Kikubaaqudgha [......]
Gold:   493        SH:  0    Dex: 15    Spells: 3/14 levels left

rFire   . . .      SeeInvis .   a - +2 dagger (freeze)
rCold   . . .      Faith    .   (no shield)
rNeg    . . .      Spirit   .   b - +0 robe
rPois   .          Reflect  .   (no helmet)
rElec   .          Harm     .   q - +0 cloak
rCorr   .          Rampage  .   A - +0 pair of gloves
Will    .....                   (no boots)
Stlth   ..........              (no amulet)
HPRegen 0.22/turn               (no ring)
MPRegen 0.13/turn               (no ring)

@: berserking, confusing by touch, attractive, very quick
A: small, no large weapons, nightstalker 3
a: Renounce Religion


You were on level 7 of the Dungeon.
You worshipped Kikubaaqudgha.
Kikubaaqudgha was noncommittal.
You visited 1 branch of the dungeon, and saw 7 of its levels.

You collected 493 gold pieces.

Inventory:

Hand Weapons
 a - a +2 dagger of freezing (weapon)
Missiles
 y - 2 throwing nets
Armour
 b - a +0 robe (worn)
 q - a +0 cloak (worn)
 v - a +0 buckler
 x - a +0 pair of boots
 A - a +0 pair of gloves (worn)
Jewellery
 g - an amulet of guardian spirit
 j - an amulet of magic regeneration
 w - a ring of poison resistance
Wands
 s - a wand of flame (36)
Scrolls
 d - a scroll of poison
 f - 2 scrolls of enchant weapon
 l - a scroll of magic mapping
 m - a scroll of identify
 r - 2 scrolls of teleportation
 z - a scroll of amnesia
Potions
 c - a potion of haste {unknown}
 e - 2 potions of flight
 h - a potion of lignification {unknown}
 i - 5 potions of might
 k - a potion of cancellation {unknown}
 n - 2 potions of degeneration
 o - 5 potions of attraction
 p - a potion of heal wounds
 t - 3 potions of berserk rage
 u - a potion of resistance


   Skills:
 - Level 2.0 Fighting
 - Level 4.2 Short Blades
 - Level 2.4 Dodging
 + Level 8.7 Stealth
 + Level 3.0 Spellcasting
 + Level 1.7 Conjurations
 * Level 7.7 Hexes
 - Level 4.2 Ice Magic
 - Level 2.4 Evocations


You had 3 spell levels left.
You knew the following spells:

 Your Spells              Type           Power      Damage    Failure   Level
a - Ensorcelled Hibernat  Hex/Ice        56%        N/A       1%          2
b - Confusing Touch       Hex            35%        N/A       1%          3
c - Dazzling Flash        Conj/Hex       46%        N/A       5%          3
d - Tukima's Dance        Hex            35%        N/A       1%          3

Your spell library contained the following spells:

 Spells                   Type           Power      Damage    Failure   Level
 Irradiate                Conj/Tmut      3%         3d12      95%         5
 Blade Hands              Tmut           1%         N/A       98%         5
 Dragon Form              Tmut           1%         N/A       100%        7


Dungeon Overview and Level Annotations

Branches:
Dungeon (7/15)             Temple (0/1) D:7

Altars:
Cheibriados
Dithmenos
Gozag
Hepliaklqana
Kikubaaqudgha
Xom


Innate Abilities, Weirdness & Mutations

You are small and have problems with some larger weapons.
You are completely attuned to the shadows.


Message History

There is a strange disturbance nearby!
Casting: Ensorcelled Hibernation (safe; 1% risk of failure)
Confirm with . or Enter, or press ? or * to list all spells.
You can't see any susceptible monsters within range! (Use Z to cast anyway.) Unknown command.
Unknown command.
You hit something but do no damage. Something hits you but does no damage.
Something hits you.
You miss something. Something hits you. Something hits you but does no damage.
Unknown command.
Aiming: Throw Flame
Press: ? - help, Shift-Dir - straight line The puff of flame hits something.
Something hits you!
Casting: Ensorcelled Hibernation (safe; 1% risk of failure)
Confirm with . or Enter, or press ? or * to list all spells.
Okay, then.
Casting: Ensorcelled Hibernation (safe; 1% risk of failure)
Confirm with . or Enter, or press ? or * to list all spells.
Your hands begin to glow red.
Something hits you. Something hits you!
* * * LOW HITPOINT WARNING * * *
There is a staircase to the Ecumenical Temple here.
Something hits you.
* * * LOW HITPOINT WARNING * * *
You feel much better. Something hits you but does no damage.
Okay, then.
Okay, then.
Something hits you!
Really quaff the potion of attraction?
You feel attractive to monsters. Something hits you. Something hits you!
* * * LOW HITPOINT WARNING * * *
A red film seems to cover your vision as you go berserk!
You feel yourself moving faster!
You feel mighty! Something hits you but does no damage.
You miss something. Something hits you.
* * * LOW HITPOINT WARNING * * *
You closely miss something. Something hits you!
You die...
Kikubaaqudgha rasps: "You have failed me!
Welcome... death!"

#..###...##.#
#
.........###.#
#### #...#...#
## ####...
##.⌠.##..#
....#.#
#.....##...
###.##
#..#.#..##..
####.##
...##.##....#
......#
..##!..##...#
.###..#
.⌠....>..@.⌠.#
#..#
...##...##....
#...
...##.##.....
##.#
.##..#.#..##..
#.# ..##.....#
.. ..#
#..##.⌠.##
#...
....#...#.
#.........
#.......##


There were no monsters in sight!

Vanquished Creatures
  A water moccasin (D:6)
  2 black bears (D:6)
  2 sky beasts
  An ice beast (D:3)
  An ogre (D:6)
  2 phantoms (D:5)
  A bullfrog (D:6)
  4 scorpions
  A howler monkey (D:6)
  4 hounds
  5 orc priests
  A gnoll bouda (D:5)
  An iguana (D:7)
  Ijyb (D:3)
  An orc wizard (D:3)
  10 adders
  7 gnolls
  2 shadow imps (D:5)
  A white imp (D:5)
  An ufetubus (D:4)
  A worm (D:3)
  2 dart slugs
  15 orcs
  3 ball pythons
  4 endoplasms
  5 giant cockroaches
  5 goblins
  4 hobgoblins
  7 kobolds
  5 quokkas
  10 bats
  A frilled lizard (D:3)
  A rat (D:1)
112 creatures vanquished.

Vanquished Creatures (others)
  An orc wizard (D:7)
  A gnoll (D:6)
  A bat (D:1)
  14 plants
17 creatures vanquished.

Grand Total: 129 creatures vanquished

Notes
Turn   | Place    | Note
-------+----------+-------------------------------------------
     0 | D:1      | PublicAnimeNo1 the Kobold Enchanter began the quest for the
                  | Orb.
     0 | D:1      | Reached XP level 1. HP: 10/10 MP: 3/3
    33 | D:1      | Found a faded altar of an unknown god.
   261 | D:1      | Reached XP level 2. HP: 9/16 MP: 5/5
   728 | D:1      | Learned a level 2 spell: Ensorcelled Hibernation
   745 | D:1      | Reached skill level 1 in Fighting
  1382 | D:2      | Reached XP level 3. HP: 20/20 MP: 6/6
  1707 | D:2      | Reached XP level 4. HP: 25/25 MP: 7/7
  2362 | D:3      | Found a snail-covered altar of Cheibriados.
  2371 | D:3      | Noticed Ijyb
  2375 | D:3      | Killed Ijyb
  2376 | D:3      | Reached skill level 5 in Stealth
  2384 | D:3      | Reached XP level 5. HP: 30/30 MP: 5/8
  2410 | D:3      | Noticed an ice beast
  2422 | D:3      | Killed an ice beast
  2423 | D:3      | Reached skill level 1 in Ice Magic
  2423 | D:3      | Reached skill level 1 in Evocations
  2914 | D:3      | Reached XP level 6. HP: 30/35 MP: 6/9
  3347 | D:4      | Found a shimmering altar of Xom.
  3744 | D:4      | Found a shadowy altar of Dithmenos.
  4169 | D:5      | Entered Level 5 of the Dungeon
  4309 | D:5      | Found an opulent altar of Gozag.
  4410 | D:5      | Reached XP level 7. HP: 33/40 MP: 5/10
  4476 | D:5      | Reached skill level 6 in Stealth
  4577 | D:5      | Reached skill level 5 in Hexes
  4581 | D:5      | Learned a level 3 spell: Confusing Touch
  4955 | D:5      | Reached XP level 8. HP: 44/44 MP: 8/11
  5196 | D:5      | Reached skill level 7 in Stealth
  6072 | D:6      | Reached skill level 8 in Stealth
  6113 | D:6      | Found a hazy altar of Hepliaklqana.
  6347 | D:6      | Learned a level 3 spell: Dazzling Flash
  6351 | D:6      | Learned a level 3 spell: Tukima's Dance
  6417 | D:6      | Reached XP level 9. HP: 48/48 MP: 9/12
  6614 | D:7      | Identified a scroll of acquirement
  6614 | D:7      | Acquired an amulet of magic regeneration
  6988 | D:7      | Found an ancient bone altar of Kikubaaqudgha.
  7022 | D:7      | Found a staircase to the Ecumenical Temple.
  7047 | D:7      | Became a worshipper of Kikubaaqudgha
  7072 | D:7      | Reached skill level 1 in Conjurations
  7423 | D:7      | Slain by an unseen horror

Illustrated notes

Levels and vault maps discovered:
D:1:      minmay_arrival_loop, layout_basic, chequers_ecumenical_altar_simple,
          lemuel_flame_loot_1
D:2:      layout_loops_cross
D:3:      minmay_inner_zag, layout_rooms, mainiacjoe_overflow_alcove_1,
          chequers_big_river, uniq_ijyb
D:4:      layout_loops_cross, general_overflow_altar,
          mainiacjoe_overflow_six_doors_small
D:5:      layout_basic, grunt_gozag_statues, small_statue_intersection
D:6:      layout_loops_cross, nicolae_hepliaklqana_hazy_memory, st_stairs_8
D:7:      layout_loops_corners, lemuel_coloured_pillars_altar,
          mainiacjoe_overflow_cross_hatched, minmay_temple_entry_waves,
          kennysheep_cross_room

Skill      XL: |  1  2  3  4  5  6  7  8  9 |
---------------+----------------------------+-----
Short Blades   | 2 3 4 |  4.2
Fighting       | 1 2 |  2.0
Stealth        | 5 6 8 |  8.7
Ice Magic      | 1 3 4 |  4.2
Evocations     | 1 2 |  2.4
Hexes          | 4 5 7 |  7.7
Conjurations   | 1 |  1.7
Spellcasting   | 3 |  3.0
Dodging        | |  2.4

Action                   |  1- 3 |  4- 6 |  7- 9 || total
-------------------------+-------+-------+-------++-------
Melee: Dagger            |    46 |    80 |   128 ||   254
       Punch             |       |       |     2 ||     2
 Cast: Ensorcelled Hiber |     4 |    16 |    27 ||    47
       Confusing Touch   |       |       |     3 ||     3
       Dazzling Flash    |       |       |     3 ||     3
Evoke: Wand              |       |    10 |    12 ||    22
  Use: Potion            |       |     1 |     8 ||     9
       Scroll            |       |     7 |    10 ||    17
 Stab: Sleeping          |    14 |    41 |    26 ||    81
       Invisible         |       |     1 |     3 ||     4
       Confused          |       |       |     2 ||     2
       Distracted        |       |       |     2 ||     2
Armor: Robe              |     3 |     4 |    13 ||    20
Dodge: Dodged            |    23 |    34 |    61 ||   118
